 Dungeon Sprint DCSS version 0.30-a0-210-g01b79a254e (webtiles) character file.

Game seed: 17252020210303494166

450 wilfster70 the Cleaver (level 7, -5/48 HPs)
             Began as a Gargoyle Fighter on Oct 4, 2022.
             Was an Initiate of Gozag.
             Slain by a komodo dragon (15 damage)
             ... in the Dungeon (Sprint IX: "|||||||||||||||||||||||||||||").
             The game lasted 00:01:32 (276 turns).

wilfster70 the Cleaver (Gargoyle Fighter)            Turns: 276, Time: 00:01:32

Health: -5/48      AC: 21    Str: 24    XL:     7   Next: 4%
Magic:  7/7        EV:  8    Int:  9    God:    Gozag
Gold:   0          SH:  4    Dex: 12    Spells: 6/6 levels left

rFire   . . .      SeeInvis .    a - +1 broad axe (freeze)
rCold   . . .      Faith    .    c - +0 buckler
rNeg    + . .      Spirit   .    p - +0 plate armour
rPois   ∞          Reflect  .    o - +0 helmet
rElec   +          Harm     .    (no cloak)
rCorr   .          Rampage  .    m - +0 pair of gloves
Will    .....      NoTele   +    (no boots)
Stlth   ..........               (no amulet)
HPRegen 0.28/turn                q - +3 ring of strength
MPRegen 0.10/turn                n - +3 ring of dexterity

@: mighty, gold aura
A: sickness immunity, AC +4, negative energy resistance 1, electricity
resistance, torment resistance 1, petrification resistance
a: Renounce Religion, Potion Petition, Call Merchant, Bribe Branch


You were in the Dungeon.
You worshipped Gozag.
Gozag was noncommittal.
You visited 1 branch

Inventory:

Hand Weapons
 a - a +1 broad axe of freezing (weapon)
 b - a +2 morningstar of protection
Armour
 c - a +0 buckler (worn)
 m - a +0 pair of gloves (worn)
 o - a +0 helmet (worn)
 p - a +0 plate armour (worn)
Jewellery
 n - a +3 ring of dexterity (right hand)
 q - a +3 ring of strength (left hand)
Wands
 l - a wand of acid (10)
Scrolls
 j - 2 scrolls of blinking
 k - 2 scrolls of amnesia
Potions
 e - 5 potions of curing
 f - 3 potions of heal wounds
 g - a potion of haste
 h - 4 potions of magic
 i - a potion of invisibility


   Skills:
 + Level 7.8 Fighting
 * Level 8.6 Axes
 + Level 7.9 Armour
 + Level 5.2 Dodging
 - Level 3.2 Shields


You had 6 spell levels left.
You didn't know any spells.
Your spell library was empty.

Dungeon Overview and Level Annotations

Branches:
Dungeon (1/1)

Altars:
Cheibriados
Dithmenos
Elyvilon
Fedhas
Gozag
Hepliaklqana
Kikubaaqudgha
Makhleb
Nemelex Xobeh
Okawaru
Qazlal
Ru
Sif Muna
Trog
Uskayaw
Vehumet
Wu Jian
Xom
Yredelemnul
Zin
The Shining One
Jiyva
Lugonu


Innate Abilities, Weirdness & Mutations

You are immune to sickness and miasma.
Your stone body is resilient. (AC +4)
You are immune to poison.
You resist negative energy. (rN+)
You are resistant to electric shocks. (rElec)
You are resistant to unholy torment.
You are immune to petrification.


Message History

The troll bites you.
The troll claws you but does no damage. x2
Your Fighting skill increases to level 6!
Your Armour skill increases to level 6!
You slash the troll! You freeze the troll!
The troll is severely wounded.
The troll bites you! The troll claws you but does no damage.
You block the troll's attack.
You hit the troll. You freeze the troll.
The troll is almost dead.
The troll bites you but does no damage. The troll claws you but does no damage.
The troll claws you!
You feel very mighty all of a sudden. You block the troll's attack.
The troll claws you but does no damage. x2
You closely miss the troll.
The troll is severely wounded.
You block the troll's attack. The troll claws you.
The troll claws you but does no damage. The troll bites you!
* * * LOW HITPOINT WARNING * * *
You block the troll's attack. The troll barely misses you.
You slash the troll! You freeze the troll.
You kill the troll!
The kobold brigand is distracted by your dazzling golden aura.
Your Fighting skill increases to level 7!
Your Axes skill gained 2 levels and is now at level 8!
Your Armour skill increases to level 7!
Your Dodging skill gained 2 levels and is now at level 5!
You have reached level 6!
There is an open door to the Dungeon, spattered with blood here.
You see here 234 gold pieces.
The kobold brigand shouts!
You slice the kobold brigand!! You freeze the kobold brigand!
You kill the kobold brigand!
You have reached level 7!
You slash the komodo dragon!
The komodo dragon seems to slow down.
You freeze the komodo dragon.
The komodo dragon is heavily wounded.
The kobold brigand is distracted by your dazzling golden aura.
The komodo dragon bites you!
You die...
Your body crumbles into a pile of gold. ▓▓▓▓▓▓▓▓▓▓▓▓▓▓▓▓▓▓▓▓▓▓▓▓ ______'..)...[..@lo.K..+ ▓▓▓▓▓▓▓▓▓▓▓▓▓▓▓▓▓▓▓▓▓▓▓▓ $ $$$$$ $$$$$ $ $ $ $$$$$

You could see a komodo dragon (slow), an orc warrior and a kobold brigand (unaware).

Vanquished Creatures
  A troll (D)
  A kobold brigand (D)
  A scorpion (D)
  2 howler monkeys (D)
  An iguana (D)
  An adder (D)
  A bat (D)
  A hobgoblin (D)
  A quokka (D)
  A frilled lizard (D)
  A kobold (D)
  A rat (D)
13 creatures vanquished.

Notes
Turn   | Place    | Note
-------+----------+-------------------------------------------
     0 | D        | wilfster70 the Gargoyle Fighter began the quest for the
                  | Orb.
     0 | D        | Reached XP level 1. HP: 14/14 MP: 1/1
     5 | D        | Reached skill level 2 in Axes
   137 | D        | Noticed a scorpion
   137 | D        | Noticed an iguana
   137 | D        | Noticed a howler monkey
   142 | D        | Killed a scorpion
   143 | D        | Reached skill level 4 in Axes
   143 | D        | Reached XP level 2. HP: 20/20 MP: 2/2
   143 | D        | Reached XP level 3. HP: 25/25 MP: 3/3
   143 | D        | Reached XP level 4. HP: 30/30 MP: 4/4
   144 | D        | Reached skill level 5 in Fighting
   144 | D        | Reached skill level 5 in Armour
   151 | D        | Reached skill level 5 in Axes
   154 | D        | Reached skill level 6 in Axes
   154 | D        | Reached XP level 5. HP: 36/36 MP: 5/5
   192 | D        | Found a snail-covered altar of Cheibriados.
   192 | D        | Found a shadowy altar of Dithmenos.
   192 | D        | Found a white marble altar of Elyvilon.
   192 | D        | Found a blossoming altar of Fedhas.
   192 | D        | Found an opulent altar of Gozag.
   193 | D        | Found a hazy altar of Hepliaklqana.
   194 | D        | Found a viscous altar of Jiyva.
   195 | D        | Found an ancient bone altar of Kikubaaqudgha.
   196 | D        | Found a corrupted altar of Lugonu.
   197 | D        | Found a burning altar of Makhleb.
   198 | D        | Found a sparkling altar of Nemelex Xobeh.
   199 | D        | Found an iron altar of Okawaru.
   200 | D        | Became a worshipper of Gozag Ym Sagoz the Greedy
   201 | D        | Found a stormy altar of Qazlal.
   202 | D        | Found a sacrificial altar of Ru.
   203 | D        | Found a shimmering blue altar of Sif Muna.
   204 | D        | Found a bloodstained altar of Trog.
   205 | D        | Found a hide-covered altar of Uskayaw.
   206 | D        | Found a radiant altar of Vehumet.
   207 | D        | Found an ornate altar of the Wu Jian Council.
   208 | D        | Found a shimmering altar of Xom.
   209 | D        | Found a basalt altar of Yredelemnul.
   210 | D        | Found a glowing silver altar of Zin.
   211 | D        | Found a glowing golden altar of the Shining One.
   266 | D        | Noticed a troll
   266 | D        | Noticed a kobold brigand
   266 | D        | Noticed a komodo dragon
   266 | D        | Noticed an orc warrior
   266 | D        | Noticed a kobold brigand
   273 | D        | Killed a troll
   274 | D        | Reached skill level 8 in Axes
   274 | D        | Reached skill level 5 in Dodging
   274 | D        | Reached XP level 6. HP: 8/44 MP: 6/6
   276 | D        | Reached XP level 7. HP: 9/48 MP: 7/7
   276 | D        | Slain by a komodo dragon

Illustrated notes

Levels and vault maps discovered:
D:        linesprint [early_d, line_temple, items_1, d_10, items_2, lair_1,
          lair_end, items_3, orc_1, orc_end, items_4, d_15, swamp_1, shoals_1,
          snake_1, spider_1, d_20, vaults_1, items_5, swamp_end, shoals_end,
          snake_end, spider_end, vaults_end, d_27, items_6, zot_1, zot_end,
          crypt_end, forest_end, elf_end, slime_end, tomb_end, abyss_end,
          pan_hell_end]

Skill      XL: |  1  2  3  4  5 |
---------------+----------------+-----
Axes           | 4 6 8 |  8.6
Fighting       | 4 5 7 |  7.8
Armour         | 4 5 7 |  7.9
Dodging        | 2 3 5 |  5.2
Shields        | |  3.2

Action                   |  1- 3 |  4- 6 |  7- 9 || total
-------------------------+-------+-------+-------++-------
Melee: War axe           |    22 |    11 |       ||    33
       Broad axe         |       |     7 |     1 ||     8
  Use: Potion            |     1 |     1 |       ||     2
Armor: Scale mail        |    16 |       |       ||    16
       Plate armour      |       |     9 |       ||     9
Dodge: Dodged            |     7 |     5 |       ||    12
Block: Buckler           |     4 |     5 |       ||     9

Table legend: (Time is in decaauts)
 A = Elapsed time spent in this place.
 B = Non-inter-level travel time spent in this place.
 C = Inter-level travel time spent in this place.
 D = Time resting spent in this place.
 E = Time spent auto-exploring this place.
 F = Levels seen in this place.
 G = Mean time per level.
                   A        B        C        D        E       F      G
               +--------+--------+--------+--------+--------+-----+--------+
         Total |    292 |    292 |      0 |    151 |      0 |   1 |  292.0 |
       Dungeon |    292 |    292 |      0 |    151 |      0 |   1 |  292.0 |
               +--------+--------+--------+--------+--------+-----+--------+

Top non-repeatable levels by time:
       D: 292 daAuts
